 Dungeon Crawl Stone Soup version 0.28-a0-872-g80cf8599ee (webtiles) character file.

Game seed: 15077999793391925202

2324 tatocazan the Skirmisher (level 9, -1/71 HPs)
             Began as a Demonspawn Fighter on Nov 20, 2021.
             Was a Believer of Uskayaw.
             Succumbed to a killer bee's poison
             ... on level 7 of the Dungeon.
             The game lasted 00:08:24 (7720 turns).

tatocazan the Skirmisher (Demonspawn Fighter)       Turns: 7720, Time: 00:08:24

Health: -1/71      AC: 12    Str: 20    XL:     9   Next: 19%
Magic:  9/9        EV:  7    Int:  9    God:    Uskayaw [**....]
Gold:   335        SH: 10    Dex: 13    Spells: 8/8 levels left

rFire   . . .      SeeInvis .   a - +0 war axe (chaos)
rCold   . . .      Faith    .   c - +0 buckler
rNeg    . . .      Spirit   .   u - +0 chain mail
rPois   .          Reflect  +   (helmet restricted)
rElec   .          Harm     .   (no cloak)
rCorr   .          Rampage  .   g - +1 pair of gloves
Will    +....                   (no boots)
Stlth   ..........              b - amulet of reflection
HPRegen 0.21/turn               t - ring of willpower
MPRegen 0.11/turn               (no ring)

@: lethally poisoned (-1 -> -14), hasted, very quick
A: antennae 1, demonic guardian 1, weakness stinger 1
a: Renounce Religion, Stomp, Line Pass


You were on level 7 of the Dungeon.
You worshipped Uskayaw.
Uskayaw was noncommittal.
You visited 2 branches of the dungeon, and saw 8 of its levels.

You collected 335 gold pieces.

Inventory:

Hand Weapons
 a - a +0 war axe of chaos (weapon)
 w - the +3 whip of the Spectre {vorpal, Fragile rCorr Int+2 Dex+6}
   (You took it off a gnoll on level 7 of the Dungeon)

   It inflicts extra damage upon your enemies.
   Int:       It affects your intelligence (+2).
   Dex:       It affects your dexterity (+6).
   rCorr:     It protects you from acid and corrosion.
   Fragile:   It will be destroyed if unequipped.
Missiles
 f - 2 throwing nets (quivered)
Armour
 c - a +0 buckler (worn)
 g - a +1 pair of gloves (worn)
 u - a +0 chain mail (worn)
Jewellery
 b - an amulet of reflection (around neck)
 t - a ring of willpower (left hand)
Scrolls
 h - a scroll of amnesia {unknown}
 l - a scroll of teleportation
 n - a scroll of magic mapping {unknown}
 o - a scroll of blinking
 r - a scroll of noise
 s - a scroll of acquirement {unknown}
 v - a scroll of identify
 x - a scroll of enchant armour
Potions
 d - 3 potions of might
 e - 2 potions of magic
 j - 2 potions of flight {unknown}
 k - a potion of resistance {unknown}
 m - 2 potions of haste
 p - a potion of brilliance {unknown}
 q - a potion of cancellation {unknown}


   Skills:
 + Level 6.8 Fighting
 + Level 5.8 Axes
 + Level 6.2 Armour
 + Level 6.2 Shields


You had 8 spell levels left.
You didn't know any spells.
Your spell library contained the following spells:

 Spells                   Type           Power      Damage    Failure   Level
 Magic Dart               Conj           0%         1d3       98%         1
 Searing Ray              Conj           0%         2d4       99%         2
 Fulminant Prism          Conj/Hex       0%         3d6       100%        4


Dungeon Overview and Level Annotations

Branches:
Dungeon (7/15)             Temple (1/1) D:6

Altars:
Ashenzari
Cheibriados
Dithmenos
Gozag
Hepliaklqana
Makhleb
Nemelex Xobeh
Sif Muna
Trog
Uskayaw
Yredelemnul
Zin
The Shining One
Lugonu


Innate Abilities, Weirdness & Mutations

You have a pair of small antennae on your head.
A weak demonic guardian rushes to your aid.
You have a small tail.


Message History

The gnoll sergeant hits you from afar with a +7 spear of freezing.
The gnoll sergeant freezes you.
You take 1 damage, and have 29/71 hp.
You barely miss the killer bee.
The killer bee is almost dead.
The killer bee stings you but does no damage.
You block the killer bee's attack. The gnoll sergeant closely misses you.
You block the killer bee's attack.
You barely miss the killer bee.
Your tail-slap misses the killer bee.
The killer bee is almost dead.
The killer bee stings you.
You are poisoned.
The killer bee poisons you!
The gnoll sergeant hits you from afar with a +7 spear of freezing!
* * * LOW HITPOINT WARNING * * *
A demonic guardian appears!
The gnoll sergeant freezes you.
* * * LOW HITPOINT WARNING * * *
The killer bee stings you but does no damage.
You take 20 damage, and have 9/71 hp.
MASSIVE DAMAGE!!
You barely miss the killer bee.
The killer bee is almost dead.
* * * LOW HITPOINT WARNING * * *
You feel very sick.
The killer bee stings you but does no damage.
The killer bee stings you.
* * * LOW HITPOINT WARNING * * *
You are more poisoned.
The killer bee poisons you!
The gnoll sergeant hits you but does no damage.
The killer bee stings you but does no damage.
You take 4 damage, and have 5/71 hp.
You swap places.
* * * LOW HITPOINT WARNING * * *
You feel very sick. The killer bee misses your quasit.
Your quasit closely misses the killer bee. x3
The killer bee closely misses your quasit.
You take 3 damage, and have 2/71 hp.
It was a potion of haste.
You feel yourself speed up.
You die...

#....####..# #<# #.#
#....'.....###### #.#
#....####..g)y..#######.#####
#....# ##.####y............#
#....#####ยง##################
#######...y)..............#
#.)...#############.#
########.....####### #.#
..yy.........gy5@.># #.#
########.....#####.# #.#
#.....# #.# #.# #.....# #.#
#.# ####### #.# #.# #.# #.#
#.# #.# #.# #.# #.# #.#


You could see a gnoll sergeant, a killer bee (ally target) and a friendly quasit
(summoned).

Vanquished Creatures
  A two-headed ogre (D:6)
  An ice beast (D:7)
  2 necrophages (D:5)
  3 ogres
  A centaur (D:6)
  A phantom (D:6)
  3 scorpions
  A water moccasin zombie (D:4)
  A water moccasin skeleton (D:5)
  3 killer bees (D:7)
  3 hounds (D:5)
  2 centaur zombies (D:6)
  2 jellies
  2 bullfrog skeletons
  A gnoll shaman (D:5)
  Terence (D:3)
  A scorpion zombie (D:5)
  A killer bee zombie (D:6)
  2 hound zombies (D:5)
  10 adders
  3 gnolls (D:7)
  A howler monkey skeleton (D:4)
  A white imp (D:7)
  An ufetubus (D:4)
  A worm (D:2)
  4 dart slugs
  7 orcs
  4 endoplasms
  3 giant cockroaches
  9 goblins
  6 hobgoblins
  4 jackals (D:4)
  11 kobolds
  4 quokkas
  6 ball pythons
  8 bats
  8 frilled lizards
  6 rats
129 creatures vanquished.

Vanquished Creatures (collateral kills)
  An iguana (D:5)
1 creature vanquished.

Grand Total: 130 creatures vanquished

Notes
Turn   | Place    | Note
-------+----------+-------------------------------------------
     0 | D:1      | tatocazan the Demonspawn Fighter began the quest for the
                  | Orb.
     0 | D:1      | Reached XP level 1. HP: 18/18 MP: 1/1
   214 | D:1      | Discovered your monstrous ancestry.
   214 | D:1      | Gained mutation: You have a small tail. [demonic ancestry]
   214 | D:1      | Reached XP level 2. HP: 24/24 MP: 2/2
   641 | D:1      | Found a faded altar of an unknown god.
   761 | D:1      | Reached XP level 3. HP: 29/29 MP: 3/3
  1715 | D:2      | Gained mutation: You have a pair of small antennae on your
                  | head. [demonic ancestry]
  1715 | D:2      | Reached XP level 4. HP: 35/35 MP: 4/4
  2006 | D:3      | Found a hazy altar of Hepliaklqana.
  2040 | D:3      | Noticed Terence
  2055 | D:3      | Killed Terence
  2582 | D:4      | Reached XP level 5. HP: 37/42 MP: 5/5
  3262 | D:4      | Reached XP level 6. HP: 32/48 MP: 6/6
  4302 | D:5      | Entered Level 5 of the Dungeon
  4363 | D:5      | Gained mutation: A weak demonic guardian rushes to your
                  | aid. [demonic ancestry]
  4363 | D:5      | Reached XP level 7. HP: 55/55 MP: 7/7
  4713 | D:5      | Reached skill level 5 in Fighting
  5509 | D:5      | Found a broken altar of Ashenzari.
  5517 | D:5      | Reached skill level 5 in Armour
  5517 | D:5      | Reached skill level 5 in Shields
  5517 | D:5      | Reached XP level 8. HP: 60/63 MP: 8/8
  5752 | D:5      | Found a shadowy altar of Dithmenos.
  6075 | D:6      | Noticed a two-headed ogre
  6317 | D:6      | Reached skill level 5 in Axes
  6422 | D:6      | Found an opulent altar of Gozag.
  6471 | D:6      | Killed a two-headed ogre
  6472 | D:6      | Reached XP level 9. HP: 13/71 MP: 9/9
  7014 | D:6      | Found a staircase to the Ecumenical Temple.
  7026 | Temple   | Entered the Ecumenical Temple
  7068 | Temple   | Became a worshipper of Uskayaw the Reveller
  7138 | D:7      | Reached * piety under Uskayaw
  7163 | D:7      | Identified the +3 whip of the Spectre {vorpal, Fragile
                  | rCorr Int+2 Dex+6}
  7170 | D:7      | Reached ** piety under Uskayaw
  7719 | D:7      | HP: 2/71 [poisoned by a killer bee]
  7720 | D:7      | Succumbed to a killer bee's poison

Illustrated notes

Levels and vault maps discovered:
D:1:      minmay_arrival_split_and_join, layout_loops_ring,
          nicolae_ecumenical_lake_church
D:2:      layout_basic
D:3:      layout_rooms, mainiacjoe_overflow_24_doors, kennysheep_nondescript,
          uniq_terence
D:4:      layout_basic, minivault_25, minmay_vboxes
D:5:      minmay_recursive_quarters, layout_loops_ring, grunt_dithmenos_smoke,
          mainiacjoe_overflow_small_starburst
D:6:      layout_loops_ring, mainiacjoe_overflow_concentric_impassable,
          temple_green
D:7:      layout_basic
Temple:   corrupted_temple

Skill      XL: |  1  2  3  4  5  6  7  8 |
---------------+-------------------------+-----
Axes           | 2 3 4 5 |  5.8
Armour         | 3 4 5 6 |  6.2
Shields        | 3 4 5 6 |  6.2
Fighting       | 4 5 6 |  6.8

Action                   |  1- 3 |  4- 6 |  7- 9 || total
-------------------------+-------+-------+-------++-------
Melee: War axe           |   132 |   155 |   166 ||   453
       Tailslap          |    11 |    25 |    23 ||    59
  Use: Scroll            |       |     3 |     6 ||     9
       Potion            |       |       |     4 ||     4
Armor: Scale mail        |    74 |    79 |       ||   153
       Chain mail        |       |     6 |    92 ||    98
Dodge: Dodged            |    67 |    86 |    68 ||   221
Block: Buckler           |    34 |    40 |   118 ||   192
       Reflection        |       |       |     3 ||     3

Table legend: (Time is in decaauts)
 A = Elapsed time spent in this place.
 B = Non-inter-level travel time spent in this place.
 C = Inter-level travel time spent in this place.
 D = Time resting spent in this place.
 E = Time spent auto-exploring this place.
 F = Levels seen in this place.
 G = Mean time per level.
                   A        B        C        D        E       F      G
               +--------+--------+--------+--------+--------+-----+--------+
         Total |   7875 |   7788 |     87 |   2004 |   4610 |   8 |  984.4 |
       Dungeon |   7820 |   7745 |     75 |   2004 |   4586 |   7 | 1117.1 |
        Temple |     55 |     43 |     12 |      0 |     24 |   1 |   55.0 |
               +--------+--------+--------+--------+--------+-----+--------+

Top non-repeatable levels by time:
     D:4: 1790 daAuts
     D:5: 1663 daAuts
     D:1: 1165 daAuts
     D:6: 1109 daAuts
     D:3: 754 daAuts
     D:2: 701 daAuts
     D:7: 636 daAuts
  Temple: 55 daAuts
